 Dungeon Crawl Stone Soup version 0.31-a0-963-ga325b2283a (webtiles) character file.

Game seed: 8926612417576866079

3403 Maxmaps the Covert (level 10, -1/68 HPs)
             Began as an Octopode Shapeshifter on Oct 25, 2023.
             Slain by an orc knight
             ... wielding a +0 broad axe
              (10 damage)
             ... in a bailey.
             The game lasted 00:10:29 (8375 turns).

Maxmaps the Covert (Octopode Shapeshifter)          Turns: 8375, Time: 00:10:30

Health: -1/68      AC:  1    Str: 13    XL:     10   Next: 4%
Magic:  10/10      EV: 15    Int: 23    God:
Gold:   265        SH:  0    Dex: 12    Spells: 9/9 levels left

rFire   . .          .
                       - Unarmed
rCold   . . .        (no shield)
rNeg    . . .        (helmet currently unavailable)
rPois   .            (no amulet)
rElec   .            e - ring of see invisible
rCorr   +            t - +6 ring of intelligence
SInv    +            n - ring of resist corrosion
Will    .....        (no ring)
Stlth   ++++++       (no ring)
HPRegen 0.31/turn    (no ring)
MPRegen 0.12/turn    (no ring)
                     (no ring)

%: no passive effects
@: about to teleport, beast-form
A: beast (slay +4), almost no armour, amphibious, 8 rings, camouflage 1,
gelatinous body 1, nimble swimmer 1, tentacles
a: Begin Untransformation


You were in a bailey.
You were a hulking beast.
You visited 1 branch of the dungeon, and saw 10 of its levels.
You also visited: Sewer, Ossuary and Bailey.

You collected 375 gold pieces.
You spent 110 gold pieces at shops.

Inventory:

Jewellery
 e - a ring of see invisible (left tentacle)
 n - a ring of resist corrosion (on tentacle)
 t - a +6 ring of intelligence (right tentacle)
Talismans
 b - a beast talisman
 c - a flux talisman
Wands
 h - a wand of charming (1)
 w - a wand of iceblast (2)
Scrolls
 a - 2 scrolls of vulnerability
 k - a scroll of noise
 s - a scroll of teleportation
Potions
 f - 5 potions of enlightenment
 g - a potion of ambrosia {unknown}
 i - 3 potions of attraction
 j - 4 potions of heal wounds
 l - 4 potions of curing
 m - 2 potions of resistance
 o - 5 potions of might {unknown}
 p - a potion of cancellation {unknown}
 q - a potion of experience {unknown}
 r - a potion of brilliance {unknown}
 u - 2 potions of berserk rage {unknown}
 v - a potion of lignification


   Skills:
 + Level 6.2 Fighting
 - Level 6.0 Dodging
 - Level 9.0 Stealth
 - Level 3.0 Unarmed Combat
 - Level 6.1 Evocations
 - Level 7.0 Shapeshifting


You had 9 spell levels left.
You didn't know any spells.
Your spell library contained the following spells:

 Spells                   Type           Power      Damage    Failure   Level
 Scorch                   Fire           0%         2d5       24%         2
 Sublimation of Blood     Necr           0%         N/A       24%         2
 Dazzling Flash           Conj/Hex       0%         N/A       43%         3
 Flame Wave               Conj/Fire      0%         2d4       83%         4
 Petrify                  Tmut/Erth      0%         N/A       83%         4
 Agony                    Necr           0%         N/A       99%         5
 Irradiate                Conj/Tmut      0%         3d11      99%         5
 Iskenderun's Battlesphe  Conj           0%         2d6       99%         5
 Silence                  Hex/Air        0%         N/A       99%         5
 Bombard                  Conj/Erth      0%         9d1       100%        6
 Simulacrum               Ice/Necr       0%         N/A       100%        6
 Summon Cactus Giant      Summ           0%         N/A       100%        6
 Ozocubu's Refrigeration  Ice            0%         4d7       100%        7
 Spellforged Servitor     Conj/Summ      0%         N/A       100%        7
 Polar Vortex             Ice            0%         N/A       100%        9


Dungeon Overview and Level Annotations

Branches:
Dungeon (10/15)             Sewer (visited)         Ossuary (visited)
 Bailey (1/1)
 Temple: D:4-7         Lair: D:8-11         Orc: D:9-12

Altars:
Elyvilon
Fedhas
Okawaru
Ru
Wu Jian
Xom
Zin
The Shining One

Shops:
D:4 :   D:6 !


Innate Abilities, Weirdness & Mutations

You are a hulking beast.
Your limbs bulge with bestial killing power. (Slay +4)
You cannot wear most types of armour.
You are amphibious.
You can wear up to eight rings at the same time.
Your skin changes colour to match your surroundings (Stealth+).
Your rubbery body absorbs attacks. (AC +1, EV +1)
You are camouflaged when in or above water. (Stealth+)
You have tentacles for arms and can constrict up to eight enemies at once.


Message History

The orc knight roars a battlecry!
The orc warrior goes into a battle-frenzy!
You hear a shout!
You barely miss the orc warrior. You grab the orc warrior.
You squeeze the orc warrior!
The orc warrior is moderately wounded.
You constrict the orc warrior.
An orc comes into view. It is wielding a +3 hand axe.
The orc warrior barely misses you.
You bludgeon the orc warrior!
You squeeze the orc warrior, but do no damage.
The orc warrior is severely wounded.
You constrict the orc warrior, but do no damage.
The orc warrior escapes!
You tentacle-slap the orc warrior. You grab the orc warrior.
The orc warrior is almost dead.
You constrict the orc warrior.
The orc knight hits you with a +0 broad axe!!
The orc warrior closely misses you.
You tentacle-slap the orc warrior but do no damage.
The orc warrior is almost dead.
You constrict the orc warrior. The orc warrior barely misses you.
The orc knight hits you with a +0 broad axe!
You tentacle-slap the orc warrior.
You kill the orc warrior!
The orc knight hits you with a +0 broad axe!!
* * * LOW HITPOINT WARNING * * *
Your Fighting skill increases to level 6!
You are too injured to fight recklessly!
You are too injured to fight recklessly!
You are too injured to fight recklessly!
You are too injured to fight recklessly!
You are too injured to fight recklessly!
You are too injured to fight recklessly!
Unknown command.
Okay, then.
As you read the scroll of teleportation, it crumbles to dust.
You feel strangely unstable.
The orc knight hits you with a +0 broad axe!
You die...

♣♣♣ ♣♣♣∩♣♣♣ ♣♣♣♣♣
♣♣♣.....♣♣♣#####≈≈≈♣
#.........##...##≈≈≈
#.......##.....##≈≈
#~~~~~##...8...##≈
#~))~~#.........##
...#h(~~~#..........#
....ogo)....'....8..8..#
......#########........#
...### ~~~##......## ..
..[~#.....##.
..!~#....##..
8.8##...(#...
..o#.....'...
...#.....'(..


You could see an orc knight, an orc (strong) and a goblin.

Vanquished Creatures
  Pikel (D:5)
  Sigmund (D:2)
  Duvessa (D:4)
  2 orc warriors (Bailey)
  2 sky beasts (D:6)
  A centaur (D:6)
  A lemure (D:5)
  3 kobold brigands (Sewer)
  An elf zombie (Ossuary)
  4 bullfrogs
  5 scorpions
  4 wights (D:6)
  Dowan (D:4)
  6 howler monkeys
  2 centaur zombies (Ossuary)
  2 hounds
  3 human zombies (Ossuary)
  Crazy Yiuf (D:2)
  A gnoll bouda (D:5)
  3 iguanas
  Terence (D:3)
  An orc wizard (D:4)
  Natasha (thrice) (D:2)
  2 mummies (Ossuary)
  Robin (D:3)
  9 gnolls (D:5)
  A river rat (Sewer)
  15 adders
  An adder zombie (Ossuary)
  5 worms
  4 dart slugs
  17 orcs
  9 endoplasms
  9 giant cockroaches
  17 goblins
  16 hobgoblins
  3 quokkas
  14 ball pythons
  9 bats
  7 frilled lizards
  A goblin zombie (Ossuary)
  8 hobgoblin zombies (Ossuary)
  3 jackal zombies (Ossuary)
  15 kobolds
  10 kobold zombies (Ossuary)
  7 orc zombies (Ossuary)
  14 rats
  A rat zombie (Ossuary)
248 creatures vanquished.

Notes
Turn   | Place    | Note
-------+----------+-------------------------------------------
     0 | D:1      | Maxmaps the Octopode Shapeshifter began the quest for the
                  | Orb.
     0 | D:1      | Reached XP level 1. HP: 13/13 MP: 1/1
   119 | D:1      | Reached XP level 2. HP: 11/18 MP: 2/2
   273 | D:1      | Reached XP level 3. HP: 20/23 MP: 3/3
   941 | D:2      | Noticed Natasha
   953 | D:2      | Killed Natasha
   954 | D:2      | Reached XP level 4. HP: 24/28 MP: 4/4
  1242 | D:2      | Found a faded altar of an unknown god.
  1243 | D:2      | Noticed Natasha
  1250 | D:2      | Killed Natasha
  1251 | D:2      | Reached skill level 5 in Shapeshifting
  1252 | D:2      | Reached XP level 5. HP: 14/33 MP: 5/5
  1649 | D:2      | Noticed Natasha
  1656 | D:2      | Killed Natasha
  1871 | D:2      | Noticed Sigmund
  1878 | D:2      | Killed Sigmund
  1879 | D:2      | Reached XP level 6. HP: 31/38 MP: 6/6
  2143 | D:2      | Found a runed translucent door.
  2144 | D:2      | Noticed Crazy Yiuf
  2153 | D:2      | Killed Crazy Yiuf
  2550 | D:3      | Reached XP level 7. HP: 39/43 MP: 7/7
  2910 | D:3      | Noticed Terence
  2918 | D:3      | Killed Terence
  3239 | D:3      | Noticed Robin
  3478 | D:3      | Killed Robin
  3805 | D:4      | Found an ornate altar of the Wu Jian Council.
  3805 | D:4      | Found a shimmering altar of Xom.
  3852 | D:4      | Found a blossoming altar of Fedhas.
  3941 | D:4      | Reached skill level 2 in Stealth
  3986 | D:4      | Reached skill level 3 in Stealth
  4067 | D:4      | Found a glowing drain.
  4082 | Sewer    | Entered a sewer
  4176 | Sewer    | Reached skill level 4 in Stealth
  4333 | Sewer    | Reached skill level 5 in Stealth
  4515 | Sewer    | Reached skill level 6 in Stealth
  4515 | Sewer    | Reached XP level 8. HP: 40/52 MP: 8/8
  4693 | D:4      | Noticed Duvessa
  4693 | D:4      | Noticed Dowan
  4700 | D:4      | Killed Duvessa
  4701 | D:4      | Reached skill level 7 in Stealth
  4710 | D:4      | Killed Dowan
  5113 | D:4      | Found Beucen's Tiny Tomes.
  5185 | D:4      | Reached skill level 8 in Stealth
  5475 | D:5      | Entered Level 5 of the Dungeon
  5613 | D:5      | Reached skill level 9 in Stealth
  5653 | D:5      | Reached skill level 1 in Evocations
  5701 | D:5      | Found a glowing silver altar of Zin.
  5701 | D:5      | Found a glowing golden altar of the Shining One.
  5701 | D:5      | Found a white marble altar of Elyvilon.
  5730 | D:5      | Found a sacrificial altar of Ru.
  5760 | D:5      | Noticed Pikel
  5794 | D:5      | Killed Pikel
  5795 | D:5      | Reached skill level 5 in Evocations
  5795 | D:5      | Reached XP level 9. HP: 10/56 MP: 9/9
  6179 | D:5      | Found an iron altar of Okawaru.
  6609 | D:6      | Found Usas's Distillery.
  6621 | D:6      | Bought a potion of heal wounds for 55 gold pieces
  6621 | D:6      | Bought a potion of heal wounds for 55 gold pieces
  6712 | D:6      | Found a sand-covered staircase.
  6730 | Ossuary  | Entered an ossuary
  7031 | Ossuary  | Reached skill level 5 in Dodging
  7804 | D:7      | You fall into a shaft and drop 3 floors!
  7804 | D:10     | Entered Level 10 of the Dungeon
  7808 | D:10     | Noticed a two-headed ogre
  7844 | D:10     | Noticed a two-headed ogre
  8055 | D:9      | Reached skill level 5 in Fighting
  8085 | D:8      | Found a flagged portal.
  8103 | Bailey   | Entered a bailey
  8160 | Bailey   | Reached XP level 10. HP: 23/68 MP: 10/10
  8339 | Bailey   | Noticed an orc warlord
  8366 | Bailey   | Noticed an orc knight
  8375 | Bailey   | Slain by an orc knight

Illustrated notes

Levels and vault maps discovered:
D:1:      dpeg_arrival_arbitrary_a, layout_basic
D:2:      layout_loops_corners, shapermc_ecumenical_altar_mp_ritualfount,
          st_stairs_1, minmay_misc_feat_enclosed, grunt_decor_arrowhead,
          minmay_hedge_maze, uniq_crazy_yiuf_cottage, uniq_natasha, uniq_sigmund
D:3:      layout_basic, minmay_guardbox, uniq_robin, uniq_terence
D:4:      layout_basic, lemuel_crystal_altar, gammafunk_temple_overflow_wave,
          gup_sewer_entry_bubbles, nicolae_shop_i_like_small_books_too,
          kennysheep_small_square, uniq_duvessa
D:5:      layout_loops_ring, good_gods_mini_temple, old_standard_altar,
          okawaru_altar_gauntlet_db, minmay_misc_feat_pillars, uniq_pikel
D:6:      layout_rooms, enter_ossuary_1, serial_shops,
          nicolae_shop_industrial_runoff, minivault_26
D:7:      layout_rooms, general_overflow_altar, amcnicky_altar_gilded,
          lemuel_temple_firewalk_b, gammafunk_ghost_hive
D:8:      layout_loops_cross, nicolae_vehumet_altar_sigil,
          lemuel_mausoleum_altar_yredelemnul, minmay_lair_entry_grove,
          enter_bailey_4, uniq_jeremiah
D:9:      cheibrodos_two_vegetables, layout_rooms, mainiacjoe_overflow_catwalk,
          nicolae_figureground_pulse, uniq_maggie
D:10:     layout_long_grid, kennysheep_orc_monster_closet_entryway
Bailey:   bailey_axe_bossmonster_kennysheep, bailey

Skill      XL: |  1  2  3  4  5  6  7  8  9 10 |
---------------+-------------------------------+-----
Shapeshifting  | 4 5 6 7 |  7.0
Fighting       | 3 5 6 |  6.2
Stealth        | 6 9 |  9.0
Evocations     | 5 6 |  6.1
Dodging        | 6 |  6.0
Unarmed Combat | |  3.0

Action                     |  1- 3 |  4- 6 |  7- 9 | 10-12 || total
---------------------------+-------+-------+-------+-------++-------
  Melee: Unarmed           |    75 |    85 |   392 |    13 ||   565
         Tentacles         |    17 |    11 |   119 |     5 ||   152
         Constrict         |    17 |    23 |   108 |     6 ||   154
         Punch             |     1 |     5 |    11 |       ||    17
    Use: Scroll            |       |     1 |    14 |     1 ||    16
         Potion            |       |       |     5 |       ||     5
   Stab: Sleeping          |     5 |     3 |    33 |       ||    41
         Distracted        |       |     1 |       |       ||     1
 Armour: Skin              |    33 |    27 |   186 |     5 ||   251
  Dodge: Dodged            |    50 |    46 |   223 |     6 ||   325

Table legend: (Time is in decaauts)
 A = Elapsed time spent in this place.
 B = Non-inter-level travel time spent in this place.
 C = Inter-level travel time spent in this place.
 D = Time resting spent in this place.
 E = Time spent auto-exploring this place.
 F = Levels seen in this place.
 G = Mean time per level.
                   A        B        C        D        E       F      G
               +--------+--------+--------+--------+--------+-----+--------+
         Total |   8287 |   8087 |    200 |   1373 |   5156 |  13 |  637.5 |
       Dungeon |   7054 |   6854 |    200 |   1064 |   4669 |  10 |  705.4 |
         Sewer |    501 |    501 |      0 |    112 |    234 |   1 |  501.0 |
       Ossuary |    461 |    461 |      0 |     61 |    209 |   1 |  461.0 |
        Bailey |    270 |    270 |      0 |    136 |     44 |   1 |  270.0 |
               +--------+--------+--------+--------+--------+-----+--------+

Top non-repeatable levels by time:
     D:2: 1672 daAuts
     D:4: 1306 daAuts
     D:3: 1145 daAuts
     D:5: 915 daAuts
     D:6: 868 daAuts
     D:1: 835 daAuts
   Sewer: 501 daAuts
 Ossuary: 461 daAuts
  Bailey: 270 daAuts
     D:9: 184 daAuts
    D:10: 48 daAuts
     D:8: 43 daAuts
     D:7: 34 daAuts
